 Dungeon Crawl Stone Soup version 0.31.0-12-g77e489cdc1 (webtiles) character file.

Game seed: 5865213386620495420

18436 Ruich the Grappler (level 12, -16/119 HPs)
             Began as a Troll Fighter on Feb 13, 2024.
             Was a Believer of Ru.
             Demolished by a snapping turtle (30 damage)
             ... on level 2 of the Lair of Beasts.
             The game lasted 00:26:40 (9622 turns).

Ruich the Grappler (Troll Fighter)                  Turns: 9622, Time: 00:26:41

Health: -16/119    AC:  8    Str: 31    XL:     12   Next: 27%
Magic:  11/11      EV: 16    Int:  4    God:    Ru [**....]
Gold:   687        SH: 10    Dex:  9    Spells: 11/11 levels left

rFire   . .          .
                       - Unarmed
rCold   . . .        b - +0 kite shield
rNeg    . . .        K - +0 troll leather armour
rPois   .            o - +1 hat
rElec   .            v - +1 cloak
rCorr   .            (gloves unavailable)
SInv    .            (boots unavailable)
Will    +....        (no amulet)
Stlth   +            E - +5 ring of evasion
HPRegen 1.99/turn    W - ring of willpower
MPRegen 0.12/turn

%: no passive effects
@: no status effects
A: large, unfitting armour, claws 3, regeneration 1, shaggy fur 1, tough skin 1,
inability to use devices, no forms
a: Renounce Religion


You were on level 2 of the Lair of Beasts.
You worshipped Ru.
Ru was pleased with you.
You visited 3 branches of the dungeon, and saw 12 of its levels.
You also visited: Ossuary and Bailey.

You collected 687 gold pieces.


Innate Abilities, Weirdness & Mutations

You are too large for most types of armour.
You have claws for hands.
Your natural rate of healing is unusually fast.
You are covered in fur. (AC +1)
You have tough skin. (AC +1)
You cannot study or use magical devices.
You cannot voluntarily change form.


   Skills:
 + Level 8.1 Fighting
 + Level 8.2 Dodging
 + Level 8.9 Shields
 * Level 13.1 Unarmed Combat


You had 11 spell levels left.
You didn't know any spells.
Your spell library contained the following spells:

 Spells                   Type           Power      Damage    Failure   Level
 Apportation              Tloc           0%         N/A       71%         1
 Freeze                   Ice            0%         1d3       71%         1
 Shock                    Conj/Air       0%         1d3       71%         1
 Jinxbite                 Hex            0%         N/A       83%         2
 Frozen Ramparts          Ice            0%         1d1       97%         3
 Hailstorm                Conj/Ice       0%         3d5       97%         3
 Inner Flame              Hex/Fire       0%         N/A       97%         3
 Summon Ice Beast         Ice/Summ       0%         N/A       97%         3
 Swiftness                Air            0%         N/A       97%         3
 Airstrike                Air            0%         2d(0-16)  100%        4
 Leda's Liquefaction      Alch/Erth      0%         N/A       100%        4
 Petrify                  Alch/Erth      0%         N/A       100%        4
 Alistair's Intoxication  Alch           0%         N/A       100%        5
 Irradiate                Conj/Alch      0%         3d11      100%        5
 Metabolic Englaciation   Hex/Ice        0%         N/A       100%        5
 Sculpt Simulacrum        Ice/Alch       0%         N/A       100%        6
 Ozocubu's Refrigeration  Ice            0%         4d7       100%        7
 Ignition                 Fire           0%         3d3       100%        8
 Polar Vortex             Ice            0%         N/A       100%        9

Inventory:

Missiles
 d - 4 throwing nets {=f}
 f - 12 javelins (quivered)
Armour
 b - a +0 kite shield (worn)
 h - the +1 cloak of Laudanog {+Blink rF+ rN++ Int-5}
   (You acquired it on level 9 of the Dungeon)

   Int-5:     It affects your intelligence (-5).
   rF+:       It protects you from fire.
   rN++:      It greatly protects you from negative energy.
   +Blink:    It lets you blink.
 o - a +1 hat (worn)
 v - a +1 cloak (worn)
 K - a +0 troll leather armour (worn)
Jewellery
 E - a +5 ring of evasion (left claw)
 F - a ring of protection from fire
 I - a +6 ring of intelligence
 L - a ring of flight
 S - a +6 ring of strength
 T - a +4 ring of protection
 W - a ring of willpower (right claw)
Scrolls
 e - 5 scrolls of vulnerability
 g - a scroll of poison
 i - a scroll of amnesia {unknown}
 l - 3 scrolls of teleportation {@r2}
 m - a scroll of immolation
 q - 3 scrolls of revelation
 y - a scroll of identify {@r1}
 z - a scroll of fog
Potions
 c - 3 potions of might
 j - 2 potions of ambrosia {unknown}
 k - a potion of attraction {unknown}
 n - 5 potions of curing {@q1}
 p - 2 potions of mutation {unknown}
 r - a potion of berserk rage {unknown}
 s - 3 potions of heal wounds {@q2}
 t - 5 potions of magic
 u - a potion of invisibility
 w - 5 potions of lignification
 x - 3 potions of brilliance
 B - a potion of enlightenment {unknown}
 G - 4 potions of haste {unknown}
 H - a potion of experience {unknown}
 J - 2 potions of cancellation {unknown}

Dungeon Overview and Level Annotations

Branches:
Dungeon (9/15)             Temple (1/1) D:6            Lair (2/5) D:9
 Shoals (0/4) Lair:2        Snake (0/4) Lair:2          Orc (0/2) D:9
Ossuary (visited)          Bailey (visited)

Altars:
Ashenzari
Cheibriados
Dithmenos
Elyvilon
Fedhas
Gozag
Kikubaaqudgha
Makhleb
Nemelex Xobeh
Okawaru
Qazlal
Ru
Sif Muna
Trog
Uskayaw
Vehumet
Wu Jian
Xom
Yredelemnul
Zin
The Shining One

Shops:
D:9 [

Annotations:
D:9 2 transporters, Vila42's ghost, journeyman GrMo

...##..#.........<.........P#.##
..#....#.#.................##..#
..#..#.##.##.....[.........##..#
♣...########...............##..#
..#..# ###............####.##
....## ##...#......## #...
...#.# ##...#...### #..# ...#.#
#P....#~#### #..# .....##
##@#~~~~~~~~ ###>.. ......##
#..~~≈≈≈~~~~##~.... .......#
#.t~≈#####≈~~†#.... .......#
##.~≈##...##~~#..... .......#
#..~~#.....#~~#..... .......#
##...'..>..#~~...... ......##
#~~≈#.....#≈~...### ......#
#~~~##...##≈~...... ......#
##~~≈#####~~~##....


You could see a snapping turtle.


Message History

Your lungs strain for air!
The water elemental hits you!
* * * LOW HITPOINT WARNING * * *
Unknown command.
You claw the water elemental!
The water elemental is heavily damaged.
* * * LOW HITPOINT WARNING * * *
Your lungs strain for air!
You block the snapping turtle's attack. The water engulfing you falls away.
You gasp with relief as air once again reaches your lungs.
The snapping turtle bites you but does no damage.
There is an open door here.
You mangle the water elemental!!
The water elemental is almost destroyed.
The water elemental barely misses you.
The snapping turtle completely misses you.
You claw the water elemental!
You destroy the water elemental!
The snapping turtle bites you from afar!!
* * * LOW HITPOINT WARNING * * *
The snapping turtle bites you from afar!
* * * LOW HITPOINT WARNING * * *
The snapping turtle attacks as it pursues you!
The snapping turtle closely misses you.
The snapping turtle attacks as it pursues you!
The snapping turtle bites you from afar!
* * * LOW HITPOINT WARNING * * *
The snapping turtle bites you from afar!!
You die...

Skill      XL: |  1  2  3  4  5  6  7  8  9 10 11 12 |
---------------+-------------------------------------+-----
Shields        | 3 4 5 6 7 8 |  8.9
Unarmed Combat | 3 4 5 6 7 9 11 12 13 | 13.1
Dodging        | 3 4 5 6 7 8 |  8.2
Fighting       | 3 4 5 6 7 8 |  8.1

Action                     |  1- 3 |  4- 6 |  7- 9 | 10-12 || total
---------------------------+-------+-------+-------+-------++-------
  Melee: Unarmed           |    56 |   117 |   278 |   505 ||   956
  Throw: Javelin           |       |       |       |     2 ||     2
 Invoke: Sacrifice Artific |       |       |       |     1 ||     1
         Sacrifice Forms   |       |       |       |     1 ||     1
  Evoke: Wand              |       |       |       |     3 ||     3
    Use: Scroll            |       |       |     9 |    10 ||    19
         Potion            |       |       |       |     6 ||     6
   Stab: Invisible         |       |       |       |     3 ||     3
 Armour: Robe              |    22 |    55 |   136 |       ||   213
         Steam dragon scal |       |       |     9 |    88 ||    97
         Troll leather arm |       |       |       |   212 ||   212
  Dodge: Dodged            |    15 |    56 |   174 |   357 ||   602
  Block: Kite shield       |    17 |    47 |   127 |   289 ||   480

Levels and vault maps discovered:
D:1:      dpeg_arrival_ratfight, layout_basic
D:2:      layout_basic, chequers_serial_rivers_large_b
D:3:      layout_basic, lemuel_coloured_pillars_altar,
          hellmonk_ecumenical_altar_blasted
D:4:      layout_layer_cave, mainiacjoe_overflow_chevrons,
          trog_three_pillars_becter, okawaru_gym_becter, dreamdust_gnoll_farm,
          uniq_ijyb, uniq_menkaure
D:5:      layout_cave_pools, nicolae_tso_carved_into_rock,
          lightli_ossuary_entry_decrepit_ruins, uniq_sigmund
D:6:      layout_loops_cross, mainiacjoe_overflow_alcove_1,
          lemuel_crystal_altar, minmay_temple_entry_antechambers
D:7:      layout_rooms, lemuel_round_altar, minitemple
D:8:      layout_rooms, eat_drink_and_be_merry_uskayaw,
          nicolae_wu_jian_glorious_leap, uniq_jeremiah
D:9:      layout_cave_pods, mainiacjoe_overflow_alcove_2, lair_entry_dummy,
          hiddenorc2_lemuel, gammafunk_ghost_arena, serial_shops,
          nicolae_shop_real_fake_doors, enter_bailey_3
Temple:   nicolae_temple_ecumenical_triangle
Lair:1:   beast_lair_carwin_large_1, layout_gridlike, lemuel_fruit_tree
Lair:2:   layout_cave_pods, minmay_shoals_entry_hut,
          minmay_snake_entry_spellcaster, basic_altar, grunt_megastairs_1

Notes
Turn   | Place    | Note
-------+----------+-------------------------------------------
     0 | D:1      | Ruich the Troll Fighter began the quest for the Orb.
     0 | D:1      | Reached XP level 1. HP: 22/22 MP: 0/0
   162 | D:1      | Reached XP level 2. HP: 27/29 MP: 1/1
   589 | D:2      | Reached XP level 3. HP: 30/36 MP: 2/2
   635 | D:2      | Reached skill level 3 in Shields
   736 | D:2      | Reached skill level 3 in Unarmed Combat
   736 | D:2      | Reached XP level 4. HP: 20/44 MP: 3/3
  1150 | D:2      | Reached skill level 3 in Dodging
  1449 | D:3      | Reached skill level 3 in Fighting
  1519 | D:3      | Found a faded altar of an unknown god.
  1536 | D:3      | Prayed at the altar of an unknown god.
  1536 | D:3      | Became a worshipper of the Shining One
  1536 | D:3      | Reached * piety under the Shining One
  1826 | D:3      | Found an ancient bone altar of Kikubaaqudgha.
  1931 | D:4      | Reached XP level 5. HP: 43/53 MP: 4/4
  1948 | D:4      | Found a bloodstained altar of Trog.
  1970 | D:4      | Found an iron altar of Okawaru.
  1974 | D:4      | Noticed a phantom
  1982 | D:4      | Killed a phantom
  1983 | D:4      | Reached skill level 4 in Unarmed Combat
  2117 | D:4      | Reached XP level 6. HP: 56/61 MP: 5/5
  2484 | D:4      | Noticed Menkaure
  2494 | D:4      | Killed Menkaure
  2495 | D:4      | Reached skill level 4 in Shields
  2495 | D:4      | Reached skill level 5 in Unarmed Combat
  2495 | D:4      | Reached XP level 7. HP: 20/67 MP: 6/6
  2548 | D:4      | Found a glowing silver altar of Zin.
  2552 | D:4      | Noticed Ijyb
  2556 | D:4      | Killed Ijyb
  2864 | D:5      | Entered Level 5 of the Dungeon
  2864 | D:5      | Noticed Sigmund
  2871 | D:5      | Killed Sigmund
  2888 | D:5      | Reached skill level 4 in Dodging
  2917 | D:5      | Reached skill level 4 in Fighting
  2935 | D:5      | Reached ** piety under the Shining One
  2991 | D:5      | Reached skill level 6 in Unarmed Combat
  2999 | D:5      | Found a sand-covered staircase.
  3004 | Ossuary  | Entered an ossuary
  3019 | Ossuary  | Reached XP level 8. HP: 74/78 MP: 7/7
  3199 | Ossuary  | Reached *** piety under the Shining One
  3514 | D:5      | Found a glowing golden altar of the Shining One.
  3791 | D:6      | Reached skill level 5 in Shields
  3966 | D:6      | Reached skill level 7 in Unarmed Combat
  3983 | D:6      | Found a staircase to the Ecumenical Temple.
  3992 | Temple   | Entered the Ecumenical Temple
  4069 | D:6      | Found a sacrificial altar of Ru.
  4138 | D:6      | Fell from the grace of the Shining One
  4138 | D:6      | Became a worshipper of Ru the Awakened
  4408 | D:6      | Found a blossoming altar of Fedhas.
  4518 | D:6      | Reached skill level 5 in Fighting
  4518 | D:6      | Reached skill level 5 in Dodging
  4518 | D:6      | Reached XP level 9. HP: 87/88 MP: 8/8
  4836 | D:7      | Reached skill level 8 in Unarmed Combat
  4853 | D:7      | Found a sparkling altar of Nemelex Xobeh.
  5084 | D:7      | Found a white marble altar of Elyvilon.
  5085 | D:7      | Found an opulent altar of Gozag.
  5091 | D:7      | Found a basalt altar of Yredelemnul.
  5230 | D:7      | Reached skill level 6 in Shields
  5266 | D:8      | Noticed Jeremiah
  5374 | D:8      | Killed Jeremiah
  5375 | D:8      | Reached skill level 9 in Unarmed Combat
  5389 | D:8      | Found a hide-covered altar of Uskayaw.
  5660 | D:8      | Found an ornate altar of the Wu Jian Council.
  5914 | D:9      | Reached XP level 10. HP: 93/94 MP: 9/9
  5958 | D:9      | Reached skill level 6 in Fighting
  5958 | D:9      | Reached skill level 6 in Dodging
  6144 | D:9      | Found a flagged portal.
  6149 | Bailey   | Entered a bailey
  6567 | D:9      | Found a staircase to the Orcish Mines.
  6596 | D:9      | Reached skill level 10 in Unarmed Combat
  6800 | D:9      | Reached skill level 7 in Shields
  6903 | D:9      | Found a transporter.
  6920 | D:9      | Found a stormy altar of Qazlal.
  6944 | D:9      | Noticed a two-headed ogre
  6946 | D:9      | Noticed Vila42's ghost (journeyman GrMo)
  6978 | D:9      | Gained mutation: You cannot study or use magical devices.
                  | [Ru sacrifice]
  6978 | D:9      | Reached * piety under Ru
  6978 | D:9      | Reached ** piety under Ru
  6990 | D:9      | Identified a scroll of acquirement
  6990 | D:9      | Acquired the +1 cloak of Laudanog {+Blink rF+ rN++ Int-5}
  7029 | D:9      | Found a transporter.
  7261 | D:9      | Found a staircase to the Lair.
  7349 | D:9      | Found Izaepp's Antique Armour Shop.
  7396 | Lair:1   | Entered Level 1 of the Lair of Beasts
  7506 | Lair:1   | Reached skill level 11 in Unarmed Combat
  7506 | Lair:1   | Reached XP level 11. HP: 83/107 MP: 10/10
  7585 | Lair:1   | Reached skill level 7 in Dodging
  7593 | Lair:1   | Reached skill level 7 in Fighting
  8162 | Lair:1   | Noticed a six-headed hydra
  8211 | Lair:1   | Killed an 11-headed hydra
  8212 | Lair:1   | Reached skill level 8 in Shields
  8384 | Lair:2   | Noticed a death yak
  8450 | Lair:2   | Killed a death yak
  8451 | Lair:2   | Reached skill level 12 in Unarmed Combat
  8732 | Lair:2   | Noticed a death yak
  8733 | Lair:2   | Noticed a death yak
  8751 | Lair:2   | Killed a death yak
  8776 | Lair:2   | Noticed a death yak
  8808 | Lair:2   | Noticed a death yak
  8815 | Lair:1   | Killed a death yak
  8822 | Lair:2   | Noticed a death yak
  8872 | Lair:1   | Killed a death yak
  8927 | Lair:1   | Killed a death yak
  8950 | Lair:2   | Killed a death yak
  9036 | Lair:2   | Reached XP level 12. HP: 53/119 MP: 11/11
  9095 | Lair:2   | Gained mutation: You cannot voluntarily change form. [Ru
                  | sacrifice]
  9157 | Lair:2   | Found a staircase to the Snake Pit.
  9218 | Lair:2   | Reached skill level 8 in Dodging
  9306 | Lair:2   | Reached skill level 8 in Fighting
  9385 | Lair:2   | Reached skill level 13 in Unarmed Combat
  9440 | Lair:2   | Found a snail-covered altar of Cheibriados.
  9604 | Lair:2   | Found a staircase to the Shoals.
  9622 | Lair:2   | Demolished by a snapping turtle

Vanquished Creatures
  A hydra (Lair:1)
  6 death yaks
  2 skysharks (Lair:2)
  A black mamba (Lair:1)
  A guardian serpent (Lair:2)
  3 cane toads
  Jeremiah (D:8)
  5 komodo dragons
  A polar bear (Lair:2)
  3 trolls (D:9)
  5 blink frogs (Lair:1)
  A shadow (D:9)
  Sigmund (D:5)
  10 yaks
  A water elemental (Lair:2)
  4 wyverns
  A steam dragon (D:8)
  Menkaure (D:4)
  9 water moccasins
  An orc warrior (Bailey)
  An ice beast (D:6)
  2 black bears (D:6)
  A sky beast (D:8)
  14 wolves
  An ogre (D:5)
  6 centaurs
  2 phantoms
  2 kobold brigands
  6 bullfrogs
  4 scorpions
  2 gnoll sergeants
  18 wights
  An electric eel (Lair:2)
  4 hounds
  2 orc priests
  A bombardier beetle (D:5)
  2 sleepcaps
  A gnoll bouda (D:6)
  Ijyb (D:4)
  8 iguanas
  An orc wizard (D:9)
  8 mummies (Ossuary)
  22 gnolls
  5 adders
  A dart slug (D:1)
  2 ribbon worms
  53 orcs
  6 endoplasms
  5 giant cockroaches
  15 goblins
  3 hobgoblins
  14 kobolds
  3 quokkas
  7 ball pythons
  4 bats
  2 frilled lizards
  A gnoll zombie (Ossuary)
  4 hobgoblin zombies (Ossuary)
  2 kobold zombies (Ossuary)
  An orc zombie (Ossuary)
  10 rats
306 creatures vanquished.

Table legend: (Time is in decaauts)
 A = Elapsed time spent in this place.
 B = Non-inter-level travel time spent in this place.
 C = Inter-level travel time spent in this place.
 D = Time resting spent in this place.
 E = Time spent auto-exploring this place.
 F = Levels seen in this place.
 G = Mean time per level.
                   A        B        C        D        E       F      G
               +--------+--------+--------+--------+--------+-----+--------+
         Total |   9581 |   9301 |    280 |   1221 |   5283 |  14 |  684.4 |
       Dungeon |   6723 |   6470 |    253 |    604 |   4190 |   9 |  747.0 |
        Temple |     38 |     35 |      3 |      0 |      0 |   1 |   38.0 |
          Lair |   2119 |   2095 |     24 |    465 |   1052 |   2 | 1059.5 |
       Ossuary |    349 |    349 |      0 |    124 |      0 |   1 |  349.0 |
        Bailey |    350 |    350 |      0 |     28 |     41 |   1 |  350.0 |
               +--------+--------+--------+--------+--------+-----+--------+

Top non-repeatable levels by time:
  Lair:2: 1170 daAuts
     D:9: 1136 daAuts
  Lair:1: 948 daAuts
     D:4: 943 daAuts
     D:2: 762 daAuts
     D:6: 734 daAuts
     D:8: 689 daAuts
     D:7: 674 daAuts
     D:5: 618 daAuts
     D:3: 594 daAuts
     D:1: 570 daAuts
  Bailey: 350 daAuts
 Ossuary: 349 daAuts
  Temple: 38 daAuts

Table legend:
 A = Non-vault XP
 B = Vault XP
 C = Vault XP percentage of total XP
 D = Non-vault monster count
 E = Vault monster count
 F = Vault count percentage of total count
                 A         B        C        D         E       F
            +---------+---------+-------+---------+---------+-------
      Total |   21618 |    4720 |  17.9 |     206 |     100 |  32.7
            +---------+---------+-------+---------+---------+-------
        D:1 |      26 |       5 |  16.1 |      16 |       5 |  23.8
        D:2 |     135 |       0 |   0.0 |      25 |       0 |   0.0
        D:3 |      14 |       0 |   0.0 |       8 |       0 |   0.0
        D:4 |     302 |     314 |  51.0 |      16 |       7 |  30.4
        D:5 |     692 |     214 |  23.6 |      18 |       1 |   5.3
        D:6 |     944 |       0 |   0.0 |      17 |       0 |   0.0
        D:7 |    1282 |       0 |   0.0 |      16 |       0 |   0.0
        D:8 |    1343 |     394 |  22.7 |      12 |       1 |   7.7
        D:9 |    4376 |     179 |   3.9 |      39 |      36 |  48.0
     Lair:1 |    5781 |    1738 |  23.1 |      18 |       7 |  28.0
     Lair:2 |    6723 |    1436 |  17.6 |      21 |       6 |  22.2
    Ossuary |       0 |     153 | 100.0 |       0 |      16 | 100.0
     Bailey |       0 |     287 | 100.0 |       0 |      21 | 100.0
            +---------+---------+-------+---------+---------+-------
